 Dungeon Crawl Stone Soup version 0.24.0-37-gcf1ca852f1 (webtiles) character file.

Game seed: 5904751430138478213, levelgen mode: deterministic

345 grindst0ne the Skirmisher (level 6, -3/60 HPs)
             Began as a Deep Dwarf Wanderer on Dec 1, 2019.
             Was an Initiate of Makhleb.
             Slain by an ogre
             ... wielding a +0 giant spiked club
              (18 damage)
             ... on level 5 of the Dungeon.
             The game lasted 00:07:35 (3412 turns).

grindst0ne the Skirmisher (Deep Dwarf Wanderer)     Turns: 3412, Time: 00:07:35

Health: -3/60      AC:  9    Str: 15    XL:     6   Next: 32%
Magic:  5/5        EV:  8    Int: 18    God:    Makhleb [......]
Gold:   198        SH:  0    Dex: 13    Spells: 5/5 levels left

rFire    . . .     SeeInvis .   f - +0 war axe
rCold    + . .     Gourm    .   (no shield)
rNeg     . . .     Faith    .   i - +0 chain mail
rPois    .         Spirit   .   (no helmet)
rElec    .         Reflect  .   (no cloak)
rCorr    .         Harm     .   (no gloves)
MR       .....                  (no boots)
Stlth    ..........             (no amulet)
HPRegen  0.00/turn              o - ring of protection from cold
MPRegen  0.09/turn              s - +4 ring of intelligence

@: non-regenerating
A: damage resistance, heal wounds, sense surroundings 1, no regeneration
a: Heal Wounds, Renounce Religion


You were on level 5 of the Dungeon.
You worshipped Makhleb.
Makhleb was noncommittal.
You were very hungry.

You visited 2 branches of the dungeon, and saw 6 of its levels.

You collected 198 gold pieces.

Inventory:

Hand Weapons
 a - a +0 short sword
 f - a +0 war axe (weapon)
Missiles
 m - 31 poisoned darts (quivered)
Armour
 b - a +2 leather armour
 i - a +0 chain mail (worn)
Jewellery
 o - a ring of protection from cold (left hand)
 s - a +4 ring of intelligence (right hand)
Wands
 r - a wand of digging (6)
Scrolls
 e - a scroll of teleportation {unknown}
 h - a scroll of blinking {unknown}
 l - 2 scrolls of noise {unknown}
 p - a scroll of magic mapping {unknown}
Potions
 c - 3 potions of curing
 g - a potion of degeneration {unknown}
 j - a potion of flight
 n - 2 potions of lignification
 q - a potion of agility
 t - a potion of experience
 u - a potion of magic
 v - a potion of haste {unknown}
Comestibles
 d - 9 rations


   Skills:
 + Level 4.9 Fighting
 * Level 1.2 Axes
 + Level 3.8 Armour
 - Level 4.2 Dodging
 - Level 1.2 Stealth
   Level 2.1 Shields
 - Level 1.0 Unarmed Combat
 * Level 0.1 Invocations
 + Level 1.0 Evocations


You had 5 spell levels left.
You didn't know any spells.
Your spell library was empty.

Dungeon Overview and Level Annotations

Branches:
Dungeon (5/15)             Temple (1/1) D:4

Altars:
Ashenzari
Dithmenos
Elyvilon
Fedhas
Gozag
Hepliaklqana
Kikubaaqudgha
Makhleb
Okawaru
Qazlal
Ru
Sif Muna
Uskayaw
Wu Jian
Yredelemnul
Zin
The Shining One

Annotations:
D:4 3 runed translucent doors, Iamsoldier's ghost, amateur GnWz


Innate Abilities, Weirdness & Mutations

You are resistant to damage.
You can heal yourself by infusing magical energy.
You passively map a small area around you.
You do not regenerate.


Message History

The ogre hits you with a +0 giant spiked club!
The gnoll barely misses you.
You hit the ogre.
The ogre is heavily wounded.
The ogre hits you but does no damage.
The gnoll hits you from afar with a cursed -3 halberd!
* * * LOW HITPOINT WARNING * * *
You are feeling very hungry.
You hit the ogre.
The ogre is severely wounded.
The ogre barely misses you. The gnoll hits you but does no damage.
A gnoll comes into view. It is wielding a +0 whip.
Throwing (i - inventory)
m - 32 poisoned darts (quivered)
Press: ? - help, Shift-Dir - straight line, f/p - ogre
Aim: an ogre, wielding a +0 giant spiked club (severely wounded)
You throw a poisoned dart. The poisoned dart hits the ogre.
The ogre is poisoned.
The ogre is severely wounded.
The ogre hits you with a +0 giant spiked club!!
You die...

, .......# , ,
......# , g....# ,
, ....# .......
,...# #...... +*g.#
###.....# #.#
.,.....#.# , #@#
.###.....## , ##O#
..#.......## ##.W##
#.........###....#
##................#
..#...............#
.........#...######
(....<..##...#
#......#######


You could see a phantom, an ogre and 2 gnolls.

Vanquished Creatures
  A scorpion (D:4)
  A centaur skeleton (D:4)
  Terence (D:3)
  Ijyb (D:3)
  An iguana (D:4)
  8 adders
  An ooze (D:1)
  An adder skeleton (D:4)
  An adder zombie (D:5)
  3 dart slugs
  5 leopard geckos
  An orc (D:3)
  A ball python (D:4)
  3 giant cockroaches
  17 goblins
  13 hobgoblins
  4 jackals
  14 kobolds
  7 bats
  5 frilled lizards
  A quokka skeleton (D:5)
  6 rats
96 creatures vanquished.

Notes
Turn   | Place    | Note
-------+----------+-------------------------------------------
     0 | D:1      | grindst0ne the Deep Dwarf Wanderer began the quest for the
                  | Orb.
     0 | D:1      | grindst0ne set off with the following items: a +0 short
                  | sword, a +2 leather armour, a potion of curing, a ration
     0 | D:1      | Reached XP level 1. HP: 21/21 MP: 1/1
   253 | D:1      | Reached XP level 2. HP: 22/30 MP: 2/2
   286 | D:2      | Reached skill level 1 in Armour
   379 | D:3      | Reached XP level 3. HP: 27/36 MP: 3/3
   415 | D:3      | Found a faded altar of an unknown god.
   586 | D:4      | Noticed a scorpion
   588 | D:4      | Found a stormy altar of Qazlal.
   606 | D:4      | Killed a scorpion
   606 | D:4      | Reached XP level 4. HP: 35/44 MP: 4/4
   786 | D:5      | Entered Level 5 of the Dungeon
   790 | D:5      | Noticed an ogre
   994 | D:2      | Reached XP level 5. HP: 35/51 MP: 5/5
  2237 | D:3      | Noticed Ijyb
  2313 | D:3      | Killed Ijyb
  2498 | D:3      | Noticed Terence
  2528 | D:3      | Killed Terence
  2531 | D:3      | Reached XP level 6. HP: 39/60 MP: 6/6
  2921 | D:4      | Found a runed translucent gate.
  2921 | D:4      | Found a runed translucent gate.
  2923 | D:4      | Found a runed translucent gate.
  2923 | D:4      | Found an opulent altar of Gozag.
  2925 | D:4      | Noticed Iamsoldier's ghost (amateur GnWz)
  3053 | D:4      | Reached skill level 1 in Axes
  3137 | D:4      | Found a basalt altar of Yredelemnul.
  3240 | D:4      | Found a white marble altar of Elyvilon.
  3274 | D:4      | Found a staircase to the Ecumenical Temple.
  3279 | Temple   | Entered the Ecumenical Temple
  3338 | Temple   | Became a worshipper of Makhleb the Destroyer
  3384 | D:5      | Reached skill level 1 in Evocations
  3412 | D:5      | Slain by an ogre

Levels and vault maps discovered:
D:1:      nagdon_arrival_zigzag_paths, layout_basic
D:2:      layout_rooms
D:3:      kennysheep_goblin_castle, layout_loops_cross,
          chequers_ecumenical_altar_island, first_ration, uniq_terence
D:4:      layout_loops_cross, kennysheep_ying_yang, marbit_many_paths,
          minmay_temple_entry_drinking_statues, ebering_ghost_gozag
D:5:      layout_cave_pools, kennysheep_little_box, slow_altar_1,
          serial_gnoll_camp, gnoll_camp_mini_doghouse, gnoll_camp_huts_basic,
          gnoll_camp_mini_hut, gnoll_camp_mini_basic, gnoll_camp_mini_doghouse
Temple:   eino_temple_water

Skill      XL: |  1  2  3  4  5  6 |
---------------+-------------------+-----
Armour         | 1 2 3 |  3.8
Fighting       | 4 |  4.9
Dodging        | 3 4 |  4.2
Axes           | 1 |  1.2
Evocations     | 1 |  1.0
Stealth        | |  1.2
Shields        | |  2.1
Unarmed Combat | |  1.0
Invocations    | |  0.1

Action                   |  1- 3 |  4- 6 || total
-------------------------+-------+-------++-------
Melee: Short sword       |   135 |   322 ||   457
       Punch             |     1 |     1 ||     2
       War axe           |       |    40 ||    40
Throw: Dart              |       |    12 ||    12
 Abil: Heal Wounds       |     2 |     2 ||     4
  Use: Potion            |     1 |       ||     1
       Scroll            |       |     6 ||     6
  Eat: Chunk             |       |     8 ||     8
Armor: Leather armour    |    26 |       ||    26
       Chain mail        |    36 |   282 ||   318
Dodge: Dodged            |    75 |   180 ||   255
